 Dungeon Crawl Stone Soup version 0.26.0-16-gc1dbca0489 (webtiles) character file.

Game seed: 13559619726984661429

165 kreisler the Sneak (level 5, -3/35 HPs)
             Began as an Octopode Brigand on Jan 20, 2021.
             Was a Follower of Ashenzari.
             Killed by divine providence
             ... invoked by an orc priest
              (14 damage)
             ... on level 3 of the Dungeon.
             The game lasted 00:16:31 (3024 turns).

kreisler the Sneak (Octopode Brigand)               Turns: 3024, Time: 00:16:32

Health: -3/35      AC:  1    Str: 11    XL:     5   Next: 46%
Magic:  5/5        EV: 13    Int: 13    God:    Ashenzari [*.....]
Gold:   204        SH:  0    Dex: 20    Spells: 4/4 levels left

rFire    . . .     SeeInvis .   a - +2 dagger
rCold    . . .     Faith    +   (no shield)
rNeg     . . .     Spirit   .   (helmet restricted)
rPois    .         Reflect  .   f - amulet of faith
rElec    .         Harm     .   d - ring of teleportation (curse)
rCorr    .         Rampage  .   g - +6 ring of dexterity
Will     .....     Rnd*Tele +   (no ring)
Stlth    +++++.....             (no ring)
HPRegen  0.11/turn              (no ring)
MPRegen  0.09/turn              (no ring)
                                (no ring)
                                (no ring)

@: no status effects
A: almost no armour, stealthy swim, amphibious, 8 rings, constrict 8, camouflage
1, gelatinous body 1
a: Renounce Religion, Curse Item, Scrying


You were on level 3 of the Dungeon.
You worshipped Ashenzari.
Ashenzari was aware of your devotion.
You visited 1 branch of the dungeon, and saw 3 of its levels.

You collected 204 gold pieces.

Inventory:

Hand Weapons
 a - a +2 dagger (weapon)
Missiles
 b - 6 poisoned darts (quivered)
 c - 2 curare-tipped darts
Jewellery
 d - a cursed ring of teleportation (left tentacle)
 f - an amulet of faith (around mantle)
 g - a +6 ring of dexterity (right tentacle)
 i - a cursed -4 ring of protection
Scrolls
 e - a scroll of blinking
 h - a scroll of random uselessness
 j - a scroll of remove curse
 l - a scroll of fog {unknown}
 m - a scroll of amnesia {unknown}
Potions
 k - a potion of invisibility


   Skills:
 + Level 2.3 Fighting
 + Level 3.2 Short Blades
 + Level 2.1 Throwing
 + Level 1.4 Dodging
 + Level 7.8 Stealth


You had 4 spell levels left.
You didn't know any spells.
Your spell library was empty.

Dungeon Overview and Level Annotations

Branches:
Dungeon (3/15)

Altars:
Ashenzari
Fedhas
Kikubaaqudgha


Innate Abilities, Weirdness & Mutations

You cannot wear most types of armour.
You are very stealthy in the water. (Stealth+)
You are amphibious.
You can wear up to eight rings at the same time.
You can use your tentacles to constrict eight enemies at once.
Your skin changes colour to match your surroundings (Stealth+).
Your rubbery body absorbs attacks. (AC +1, EV +1)


Message History

The orc priest begins to cast a cantrip, but forgets the words!
The goblin shouts!
You barely miss the orc. You grab the orc. You squeeze the orc.
You kill the orc!
Throw: 8 darts (poison)
Press: ? - help, Q - select action, (/) - cycle Shift-Dir - straight line, f - orc priest
Aim: an orc priest, wielding a +0 dagger and wearing a +0 leather armour You throw a poisoned dart.
The poisoned dart barely misses the orc priest.
The orc priest mumbles some strange prayers to Beogh against you.
Beogh smites you!
Throw: 7 darts (poison)
Press: ? - help, Q - select action, (/) - cycle Shift-Dir - straight line, f/p - orc priest
Aim: an orc priest, wielding a +0 dagger and wearing a +0 leather armour You throw a poisoned dart.
The poisoned dart hits the orc priest.
The orc wizard points at you and mumbles some strange words.
The puff of flame hits you!
The orc priest invokes the aid of Beogh against you.
Beogh smites you!
You die...

## #..(....... #
#..........
#..g....... #######
..o....<.. #...<..
##.............#####
#...(.o....##
#...[......
#..@†g..[..
#..........
#.†........
##....!...#
##....<.## ########


You could see an orc priest, an orc wizard (fast) and 2 goblins.

Vanquished Creatures
  6 adders
  2 oozes
  A worm (D:2)
  3 dart slugs (D:1)
  4 leopard geckos
  3 orcs (D:3)
  4 bats
  3 giant cockroaches
  12 goblins
  9 hobgoblins
  10 jackals
  8 kobolds
  A ball python (D:2)
  4 frilled lizards
  16 rats
86 creatures vanquished.

Vanquished Creatures (others)
  A withered plant (D:2)
1 creature vanquished.

Grand Total: 87 creatures vanquished

Notes
Turn   | Place    | Note
-------+----------+-------------------------------------------
     0 | D:1      | kreisler the Octopode Brigand began the quest for the Orb.
     0 | D:1      | Reached XP level 1. HP: 14/14 MP: 1/1
    43 | D:1      | Reached XP level 2. HP: 19/19 MP: 2/2
   350 | D:1      | Found a broken altar of Ashenzari.
   362 | D:1      | Reached skill level 6 in Stealth
   620 | D:1      | Became a worshipper of Ashenzari the Shackled
   640 | D:1      | Reached XP level 3. HP: 24/24 MP: 3/3
  1395 | D:2      | Reached XP level 4. HP: 21/29 MP: 4/4
  1502 | D:2      | Found a blossoming altar of Fedhas.
  1503 | D:2      | Found an ancient bone altar of Kikubaaqudgha.
  1719 | D:2      | Reached skill level 7 in Stealth
  2344 | D:2      | Reached XP level 5. HP: 27/34 MP: 5/5
  2601 | D:3      | Reached * piety under Ashenzari
  3024 | D:3      | Killed from afar by an orc priest

Illustrated notes

Levels and vault maps discovered:
D:1:      mainiacjoe_arrival_reflecting_pool, layout_loops_corners,
          grunt_decor_junction, evilmike_ruin_ashenzari
D:2:      layout_basic, grunt_temple_overflow_growth_and_decay
D:3:      layout_rooms

Skill      XL: |  1  2  3  4 |
---------------+-------------+-----
Stealth        | 6 7 |  7.8
Short Blades   | 3 |  3.2
Fighting       | |  2.3
Throwing       | |  2.1
Dodging        | |  1.4

Action                   |  1- 3 |  4- 6 || total
-------------------------+-------+-------++-------
Melee: Dagger            |    55 |   102 ||   157
       Constrict         |    11 |    31 ||    42
       Tentacles         |    11 |    18 ||    29
Throw: Dart              |     4 |     3 ||     7
  Use: Potion            |     5 |       ||     5
       Scroll            |     2 |     1 ||     3
 Stab: Sleeping          |    12 |    13 ||    25
Armor: Skin              |     2 |     6 ||     8
Dodge: Dodged            |    30 |    42 ||    72
